 Dungeon Crawl Stone Soup version 0.29.0-4-gdea44cf6ec (webtiles) character file.

Game seed: 17283072878098632516

98 qw the Chopper (level 4, -5/26 HPs)
             Began as a Tengu Warper on Aug 28, 2022.
             Slain by an orc
             ... wielding a +0 trident
              (7 damage)
             ... on level 3 of the Dungeon.
             The game lasted 00:00:17 (2951 turns).

qw the Chopper (Tengu Warper)                       Turns: 2951, Time: 00:00:17

Health: -5/26      AC:  9    Str: 13    XL:     4   Next: 71%
Magic:  8/8        EV: 11    Int: 14    God:
Gold:   173        SH:  0    Dex: 13    Spells: 7/7 levels left

rFire   . . .      SeeInvis .   Y - +0 war axe
rCold   . . .      Faith    .   (no shield)
rNeg    . . .      Spirit   .   e - +4 ring mail
rPois   .          Reflect  .   (helmet restricted)
rElec   .          Harm     .   (no cloak)
rCorr   .          Rampage  .   (no gloves)
Will    .....                   (boots unavailable)
Stlth   +.........              (no amulet)
HPRegen 0.08/turn               (no ring)
MPRegen 0.11/turn               (no ring)

@: no status effects
A: beak, talons 3
a: no special abilities


You were on level 3 of the Dungeon.
You visited 1 branch of the dungeon, and saw 3 of its levels.

You collected 173 gold pieces.


Innate Abilities, Weirdness & Mutations

You have a beak for a mouth.
You have claws for feet.


   Skills:
 - Level 2.0 Fighting
 + Level 5.2 Axes
 - Level 1.0 Throwing
 - Level 1.1 Armour
 - Level 2.1 Dodging
 - Level 2.0 Spellcasting
 - Level 2.4 Translocations


You had 7 spell levels left.
You didn't know any spells.
Your spell library contained the following spells:

 Spells                   Type           Power      Damage    Failure   Level
 Blink                    Tloc           16%        N/A       28%         2
 Gell's Gravitas          Tloc           8%         N/A       50%         3
 Lesser Beckoning         Tloc           8%         N/A       50%         3
 Teleport Other           Tloc           8%         N/A       50%         3
 Manifold Assault         Tloc           8%         N/A       99%         5

Inventory:

Hand Weapons
 g - a +0 flail
 Y - a +0 war axe (weapon)
Armour
 e - a +4 ring mail (worn)
Scrolls
 k - a scroll of identify
 m - 2 scrolls of enchant armour
Potions
 a - a potion of invisibility {unknown}
 b - a potion of magic {unknown}
 d - a potion of heal wounds {unknown}
 f - a potion of degeneration {unknown}
 h - a potion of might {unknown}
 i - a potion of berserk rage {unknown}
 j - a potion of curing

Dungeon Overview and Level Annotations

Branches:
Dungeon (3/15)

Altars:


Message History

An orc comes into view. It is wielding a +0 trident.
The orc shouts!
You hear a shout!
The orc hits you but does no damage.
You barely miss the orc. The orc hits you with a +0 trident.
You slash the orc priest! You peck the orc priest.
The orc priest is severely wounded.
You hit the orc. You closely miss the goblin.
The orc priest hits you but does no damage.
The goblin barely misses you. The orc hits you with a +0 trident!
The orc priest hits you with a +0 hand axe.
The orc hits you with a +0 trident. The goblin hits you but does no damage.
A goblin comes into view. It is wielding a +3 dagger.
You barely miss the orc priest.
You claw the orc priest, but do no damage.
The orc priest is severely wounded.
You hit the orc. You hit the goblin.
You kill the goblin!
The orc priest hits you but does no damage.
The orc barely misses you.
The ball python bites you but does no damage.
The ball python grabs you. The ball python constricts you.
You hit the ball python. Your kick misses the ball python.
The ball python is heavily wounded.
You barely miss the orc priest. You barely miss the orc.
The ball python bites you but does no damage.
The ball python constricts you.
The orc priest hits you with a +0 hand axe.
The orc closely misses you. x2
You closely miss the ball python. You claw the ball python.
You kill the ball python!
You barely miss the orc.
You hit the orc priest but do no damage.
The orc priest hits you with a +0 hand axe.
The orc misses you. x2
You barely miss the orc.
The orc is almost dead.
You closely miss the orc priest. The orc hits you but does no damage.
The orc hits you with a +0 trident!
You die...

.#......... ...........#
#.......... ##...>.....#
.......... ......^....#
.......... ...........#
.....g... #..........# .......
...........# #o...#
...........# #)o..## .#
..#..###### ###@o...# %# #
####.# ##..)###.###.## .## #
#.# ####...## #......#...#
####.#####.....## #......#...#
#..........#..## #..........#
#.........##.## #..........#
..........##.# #...<..#
..........##.# ##...%..#
..........#..######......#####


You could see an orc priest, 2 orcs and a goblin.

Vanquished Creatures
  2 adders
  A worm (D:2)
  A dart slug (D:2)
  2 orcs (D:3)
  6 bats
  7 endoplasms
  5 giant cockroaches
  5 goblins
  9 hobgoblins
  2 jackals (D:1)
  5 kobolds
  3 quokkas
  5 ball pythons
  2 frilled lizards
  9 rats
64 creatures vanquished.

Notes
Turn   | Place    | Note
-------+----------+-------------------------------------------
     0 | D:1      | qw the Tengu Warper began the quest for the Orb.
     0 | D:1      | Reached XP level 1. HP: 12/12 MP: 4/4
     0 | D:1      | 0 ||| qw: Version: 0.1-a-89-g26bdef1
     0 | D:1      | 0 ||| qw: Game counter: 617
     0 | D:1      | 0 ||| qw: Always use a shield: true
     0 | D:1      | 0 ||| qw: God list: Okawaru
     0 | D:1      | 0 ||| qw: Allow faded altars: false
     0 | D:1      | 0 ||| qw: Do Orc after D:15 true
     0 | D:1      | 0 ||| qw: Do second Lair branch before Depths: true
     0 | D:1      | 0 ||| qw: Lair rune preference: random
     0 | D:1      | 0 ||| qw: Plans: Normal
     0 | D:1      | 0 ||| PLANNING D:1-11
    30 | D:1      | 30 ||| Stepping ~*~*~tactically~*~*~ (stealth).
   105 | D:1      | Reached XP level 2. HP: 17/17 MP: 6/6
   114 | D:1      | Reached skill level 3 in Axes
   114 | D:1      | 114 ||| Stepping ~*~*~tactically~*~*~ (stealth).
   303 | D:1      | HP: 4/17 [kobold/+0 club (2)]
  1185 | D:1      | 1185 ||| UPGRADING to +0 ring mail.
  1195 | D:1      | 1195 ||| DROPPING +0 leather armour.
  1196 | D:1      | 1196 ||| READING scroll labelled VOF HYSACIN.
  1197 | D:1      | 1197 ||| READING scroll labelled GIARYE BEISACA.
  1198 | D:1      | 1198 ||| READING scroll labelled XETEEP GUEF.
  1199 | D:1      | 1199 ||| DROPPING scroll of blinking.
  1213 | D:2      | Reached XP level 3. HP: 21/21 MP: 7/7
  1311 | D:2      | 1311 ||| DROPPING +0 club.
  1475 | D:2      | 1475 ||| Stepping ~*~*~tactically~*~*~ (stealth).
  1479 | D:2      | 1479 ||| Stepping ~*~*~tactically~*~*~ (stealth).
  1483 | D:2      | Reached skill level 4 in Axes
  1562 | D:2      | Found a faded altar of an unknown god.
  1563 | D:2      | Noticed a great orb of eyes
  1566 | D:2      | Noticed an eye of devastation
  1810 | D:2      | 1810 ||| FLEEEEING.
  1817 | D:2      | 1817 ||| FLEEEEING.
  1818 | D:2      | 1818 ||| FLEEEEING.
  1924 | D:2      | Noticed an eye of devastation
  1934 | D:2      | Noticed an eye of devastation
  1940 | D:2      | Reached XP level 4. HP: 26/26 MP: 8/8
  2058 | D:2      | 2058 ||| Stepping ~*~*~tactically~*~*~ (stealth).
  2210 | D:2      | 2210 ||| UPGRADING to +4 ring mail.
  2220 | D:2      | 2220 ||| DROPPING +0 ring mail.
  2221 | D:2      | 2221 ||| DROPPING ring of flight.
  2222 | D:2      | 2222 ||| DRINKING 2 bubbling white potions.
  2223 | D:2      | 2223 ||| DROPPING potion of attraction.
  2288 | D:3      | 2288 ||| DROPPING +0 whip.
  2308 | D:3      | 2308 ||| Stepping ~*~*~tactically~*~*~ (stealth).
  2388 | D:3      | Reached skill level 5 in Axes
  2523 | D:3      | 2523 ||| READING scroll of enchant weapon.
  2523 | D:3      | 2523 ||| ENCHANTING +1 hand axe.
  2622 | D:3      | 2622 ||| SWAPPING to +0 war axe.
  2625 | D:3      | 2625 ||| FLEEEEING.
  2626 | D:3      | 2626 ||| FLEEEEING.
  2627 | D:3      | 2627 ||| FLEEEEING.
  2628 | D:3      | 2628 ||| FLEEEEING.
  2629 | D:3      | 2629 ||| FLEEEEING.
  2630 | D:3      | 2630 ||| FLEEEEING.
  2631 | D:3      | 2631 ||| FLEEEEING.
  2632 | D:3      | 2632 ||| STAIRDANCE
  2772 | D:2      | 2772 ||| DROPPING +2 hand axe.
  2773 | D:2      | 2773 ||| READING 3 scrolls labelled SEACER GETT.
  2774 | D:2      | 2774 ||| READING scroll labelled WAD NIAFRURR.
  2775 | D:2      | 2775 ||| DRINKING 2 murky silvery potions.
  2783 | D:3      | 2783 ||| STAIRDANCE
  2940 | D:3      | 2940 ||| Stepping ~*~*~tactically~*~*~ (hiding).
  2949 | D:3      | HP: 3/26 [orc priest/+0 hand axe (4)]
  2951 | D:3      | Slain by an orc

Levels and vault maps discovered:
D:1:      eino_arrival_water_star, layout_basic, serial_park_tiny_pond,
          wander_ebering_terrifying_dragon_lair
D:2:      layout_basic, hellmonk_ecumenical_altar_watching_god
D:3:      layout_rooms

Skill      XL: |  1  2  3  4 |
---------------+-------------+-----
Axes           | 3 4 5 |  5.2
Fighting       | |  2.0
Throwing       | |  1.0
Armour         | |  1.1
Dodging        | |  2.1
Spellcasting   | |  2.0
Translocations | |  2.4

Action                   |  1- 3 |  4- 6 || total
-------------------------+-------+-------++-------
Melee: Hand axe          |    69 |    33 ||   102
       Kick              |    17 |     7 ||    24
       Peck              |    11 |     2 ||    13
       Punch             |     1 |       ||     1
       War axe           |       |    12 ||    12
Throw: Boomerang         |    36 |    22 ||    58
  Use: Scroll            |     3 |     3 ||     6
       Potion            |       |     2 ||     2
Armor: Leather armour    |     8 |       ||     8
       Ring mail         |     7 |    24 ||    31
Dodge: Dodged            |    23 |    28 ||    51

Table legend:
 A = Non-vault XP
 B = Vault XP
 C = Vault XP percentage of total XP
 D = Non-vault monster count
 E = Vault monster count
 F = Vault count percentage of total count
                 A         B        C        D         E       F
            +---------+---------+-------+---------+---------+-------
      Total |     140 |       1 |   0.7 |      63 |       1 |   1.6
            +---------+---------+-------+---------+---------+-------
        D:1 |      32 |       1 |   3.0 |      19 |       1 |   5.0
        D:2 |      62 |       0 |   0.0 |      26 |       0 |   0.0
        D:3 |      46 |       0 |   0.0 |      18 |       0 |   0.0
            +---------+---------+-------+---------+---------+-------
